 Dungeon Sprint DCSS version 0.22-a0-369-gc73351f (webtiles) character file.

550816 emperorscorpion the Conqueror (level 23, 0/175 HPs)
             Began as a Gargoyle Monk on Apr 24, 2018.
             Was a Priest of Cheibriados.
             Slain by Antaeus (15 damage)
             ... in the Dungeon (Sprint IX: "|||||||||||||||||||||||||||||").
             The game lasted 01:00:29 (9762 turns).

emperorscorpion the Conqueror (Gargoyle Monk)       Turns: 9762, Time: 01:00:30

Health: 0/175      AC: 66    Str: 35    XL:     23   Next: 7%
Magic:  2/54       EV: 43    Int: 20    God:    Cheibriados [***...]
Gold:   426        SH:  0    Dex: 33    Spells: 56/76 levels left

rFire    + + .     SeeInvis +   b - +7 dire flail
rCold    + + +     Gourm    .   (shield currently unavailable)
rNeg     + . .     Faith    .   y - +12 gold dragon scales
rPois    ∞         Spirit   .   o - +0 helmet {SInv}
rElec    +         Reflect  .   M - +0 cloak {+Inv}
rCorr    .         Harm     .   S - +1 pair of gloves
MR       +....     NoTele   +   q - +0 pair of boots
Stlth    ..........             I - amulet of regeneration
HPRegen  1.19/turn              t - ring of Mirruihisu {+Blink rC++ EV+5 Dex+2}
MPRegen  0.34/turn              L - ring of protection from fire

@: mighty, agile, tornado, flying, deflect missiles, very slow
A: big wings, thin skeletal structure 1, agile 1, negative energy resistance 1,
regeneration 1, electricity resistance, unbreathing, petrification resistance,
rot immunity, AC +17
}: 9/15 runes: decaying, serpentine, barnacled, slimy, elven, silver, golden,
abyssal, gossamer
a: Stop Flying, Bend Time, Temporal Distortion, Renounce Religion, Evoke Blink,
Evoke Invisibility


You were in the Dungeon.
You worshipped Cheibriados.
Cheibriados was most pleased with you.
You were not hungry.

You visited 1 branch You collected 1991 gold pieces.
You spent 1565 gold pieces at shops.

Inventory:

Hand Weapons
 a - the +6 arbalest "Damnation" {damnation}
   (You found it in the Dungeon)
 b - a +7 dire flail (weapon)
 r - the +8 whip "Snakebite" {curare, rPois}
   (You found it in the Dungeon)

   It poisons the flesh of those it strikes.
   It protects you from poison.
 Q - a +0 flail of holy wrath
Missiles
 v - 2 throwing nets
 w - 25 tomahawks
 D - 48 javelins
 E - 20 javelins of returning
 G - 7 tomahawks of dispersal (quivered)
 H - 20 steel javelins
 W - 97 bolts
Armour
 o - a +0 helmet of see invisible (worn)
 q - a +0 pair of boots (worn)
 u - the +0 cloak "Ytaby" {+Inv rElec rPois Int-5}
   (You found it in the Dungeon)

   It affects your intelligence (-5).
   It insulates you from electricity.
   It protects you from poison.
   It lets you turn invisible.
 y - +12 gold dragon scales (worn)
 M - a +0 cloak of invisibility (worn)
 R - a +1 large shield
 S - a +1 pair of gloves (worn)
 U - a +1 buckler of reflection
Magical Staves
 n - an uncursed staff of energy
Jewellery
 t - the ring of Mirruihisu (left hand) {+Blink rC++ EV+5 Dex+2}
   (You found it in the Dungeon)

   [ring of evasion]

   It affects your evasion (+5).
   It affects your dexterity (+2).
   It greatly protects you from cold.
   It lets you blink.
 I - an amulet of regeneration (around neck)
 J - an uncursed ring of see invisible
 K - an uncursed ring of protection from cold
 L - a ring of protection from fire (right hand)
 O - an uncursed ring of protection from fire
 P - an uncursed ring of fire
 X - a +6 ring of intelligence
 Y - a +6 ring of dexterity
 Z - a +4 ring of evasion
Wands
 j - a wand of paralysis (8)
 m - a wand of iceblast (9)
Scrolls
 i - 3 scrolls of blinking
 k - 4 scrolls of remove curse
 l - 2 scrolls of amnesia
 p - a scroll of fog
 A - 2 scrolls of fear
 B - 2 scrolls of identify
Potions
 d - 10 potions of curing
 e - 3 potions of heal wounds
 g - 2 potions of magic
 h - a potion of invisibility
 x - 2 potions of might
 z - a potion of agility
 F - a potion of mutation
 T - a potion of resistance
 V - a potion of lignification
Miscellaneous
 f - a crystal ball of energy
 s - a phial of floods (inert)
 C - the horn of Geryon (inert)
Comestibles
 c - 7 rations


   Skills:
 O Level 27 Fighting
 O Level 27 Maces & Flails
 + Level 7.6(19.7) Staves
 - Level 18.0 Crossbows
 - Level 2.0 Throwing
 O Level 27 Armour
 O Level 27 Dodging
 - Level 3.2 Stealth
 - Level 14.3 Shields
 + Level 7.4 Unarmed Combat
 O Level 27 Spellcasting
 - Level 16.2 Hexes
 - Level 12.7 Charms
 O Level 27 Air Magic
 O Level 27 Invocations
 + Level 16.2 Evocations


You had 56 spell levels left.
You knew the following spells:

 Your Spells              Type           Power        Failure   Level  Hunger
a - Silence               Hex/Air        #######...   1%          5    None
b - Deflect Missiles      Chrm/Air       #######...   1%          6    #......
t - Tornado               Air            #######...   8%          9    #######


Dungeon Overview and Level Annotations

Branches:
Dungeon (1/1)

Altars:
Cheibriados
Dithmenos
Elyvilon
Fedhas
Gozag
Hepliaklqana
Kikubaaqudgha
Makhleb
Nemelex Xobeh
Okawaru
Qazlal
Ru
Sif Muna
Trog
Uskayaw
Vehumet
Wu Jian
Xom
Yredelemnul
Zin
The Shining One
Beogh
Jiyva
Lugonu

Shops:
D =%[(

Annotations:
D Antaeus, Dispater, Gloorx Vloq


Innate Abilities, Weirdness & Mutations

You are resistant to torment.
Your stone body is resilient. (AC +17)
You are immune to poison.
Your large and strong wings let you fly indefinitely.
You resist negative energy. (rN+)
You are resistant to electric shocks. (rElec)
You can survive without breathing.
You are immune to petrification.
You are immune to rotting.
You have a somewhat thin skeletal structure. (Dex +2, Stealth)
You are agile. (Dex +2)
Your natural rate of healing is unusually fast.


Message History

Casting: Tornado (quite dangerous; 8% risk of failure)
Confirm with . or Enter, or press ? or * to list all spells.
A great vortex of raging winds appears around you.
Dispater gestures.
Antaeus gestures at you. The flash freeze misses you.
You impale Antaeus!!
Antaeus is severely wounded.
Antaeus gestures at you. The bolt of lightning misses you.
Gloorx Vloq calls on the powers of darkness!
Your body is wracked with pain!
* * * LOW HITPOINT WARNING * * *
Dispater shouts, "Slither home, thou dissembling rude-growing pimple!"
Unknown command.
You sock Antaeus!
Antaeus is severely wounded.
Your gold dragon scales prevents you from hitting Antaeus.
Antaeus is severely wounded.
Antaeus hits you!
You die...

▓▓▓▓▓▓▓▓▓▓▓▓▓▓▓▓▓▓▓▓▓▓▓▓▓▓▓
▓........§@C&12&11.........
▓.▓▓▓▓▓▓▓▓▓▓▓▓▓▓▓▓▓▓▓▓▓▓▓▓▓
▓..........................
▓▓▓▓▓▓▓▓▓▓▓▓▓▓▓▓▓▓▓▓▓▓▓▓▓▓▓
▓....÷'††..........'.......
▓.▓▓▓▓▓▓▓▓▓▓▓▓▓▓▓▓▓▓▓▓▓▓▓▓▓
▓..........................
▓▓▓▓▓▓▓▓▓▓▓▓▓▓▓▓♣♣♣♣♣♣♣♣♣♣♣
▓..)).).........).)..(...)(


You could see Antaeus, Dispater, Gloorx Vloq, a hell beast and 3 Executioners.

Vanquished Creatures
  Cerebov (D)
  Asmodeus (D)
  the Royal Jelly (D)
  Mnoleg (D)
  Lom Lobon (D)
  7 orbs of fire (D)
  Mara (D)
  3 ancient liches (D)
  Sojobo (D)
  5 greater mummies (D)
  Boris (D)
  Frederick (D)
  Saint Roka (D)
  A curse toe (D)
  Geryon (D)
  4 golden dragons (D)
  Jory (D)
  A bone dragon (D)
  Nikola (D)
  A tentacled monstrosity (D)
  4 electric golems (D)
  Rupert (D)
  3 liches (D)
  26 Orb Guardians (D)
  A deep elf master archer (D)
  15 acid blobs (D)
  A tentacled starspawn (D)
  3 death cobs (D)
  14 sphinxes (D)
  3 tengu reavers (D)
  2 storm dragons (D)
  8 shadow dragons (D)
  Agnes (D)
  3 draconian monks (D)
  5 azure jellies (D)
  Ilsuiw (D)
  A fire giant (D)
  4 nagarajas (D)
  2 deep elf sorcerers (D)
  An iron dragon (D)
  A frost giant (D)
  3 draconian knights (D)
  A vault warden (D)
  A draconian stormcaller (D)
  A draconian shifter (D)
  3 ghost moths (D)
  Louise (D)
  3 draconian scorchers (D)
  4 emperor scorpions (D)
  3 ironheart preservers (D)
  3 green draconians (D)
  6 stone giants (D)
  A reaper (D)
  Nessos (D)
  A starcursed mass (D)
  An entropy weaver (D)
  A very ugly thing (D)
  8 vampire knights (D)
  3 white draconians (D)
  Azrael (D)
  A purple draconian (D)
  5 black draconians (D)
  A red draconian (D)
  4 deep elf annihilators (D)
  5 merfolk javelineers (D)
  3 yellow draconians (D)
  5 death oozes (D)
  3 merfolk impalers (D)
  2 deep elf death magi (D)
  2 fire dragons (D)
  4 mummy priests (D)
  25 vault guards (D)
  3 yaktaur captains (D)
  4 naga warriors (D)
  A rakshasa (D)
  5 ice dragons (D)
  7 hydras (D)
  3 deep elf high priests (D)
  A great orb of eyes (D)
  2 alligators (D)
  3 merfolk aquamancers (D)
  2 death knights (D)
  2 centaur warriors (D)
  3 orc high priests (D)
  2 naga sharpshooters (D)
  A deep troll shaman (D)
  A two-headed ogre (D)
  3 tengu warriors (D)
  A deep troll earth mage (D)
  5 ogre magi (D)
  2 shock serpents (D)
  A shadow wraith (D)
  A flayed ghost (D)
  An unseen horror (D)
  A shambling mangrove (D)
  7 swamp dragons (D)
  A sea snake (D)
  A glowing orange brain (D)
  An ironbrand convoker (D)
  A harpy (D)
  3 orc knights (D)
  7 wolf spiders (D)
  6 orc sorcerers (D)
  An orb spider (shapeshifter) (D)
  3 ugly things (D)
  A merfolk siren (D)
  2 black mambas (D)
  A guardian serpent (D)
  12 moths of wrath (D)
  4 vault sentinels (D)
  A rust devil (D)
  Maurice (D)
  3 naga magi (D)
  Joseph (D)
  3 spiny frogs (D)
  A komodo dragon (D)
  3 yaktaurs (D)
  3 demonic crawlers (D)
  A kobold demonologist (D)
  19 guardian mummies (D)
  3 merfolk (D)
  4 jumping spiders (D)
  A meliai (shapeshifter) (D)
  A wandering mushroom (D)
  2 wind drakes (D)
  A hornet (shapeshifter) (D)
  2 hornets (D)
  A snapping turtle (D)
  2 bog bodies (D)
  A hippogriff (D)
  A large abomination (D)
  3 slime creatures (D)
  2 tarantellas (D)
  11 spriggans (D)
  A redback (D)
  A basilisk (shapeshifter) (D)
  A wraith (D)
  Grum (D)
  Eustachio (D)
  3 fire elementals (D)
  A wyvern (D)
  A hog (D)
  A basilisk (D)
  An insubstantial wisp (D)
  2 nagas (D)
  A soldier ant (D)
  An acid dragon (D)
  6 wargs (D)
  4 water moccasins (D)
  3 hell hounds (D)
  2 floating eyes (shapeshifter) (D)
  5 floating eyes (D)
  3 porcupines (D)
  14 orc warriors (D)
  An ice beast (D)
  An eye of draining (shapeshifter) (D)
  4 wolves (D)
  A boggart (D)
  A centaur (D)
  2 ogres (D)
  3 crocodiles (D)
  2 bullfrogs (D)
  A crimson imp (D)
  2 small abominations (D)
  A jelly (D)
  3 orc priests (D)
  3 orc wizards (D)
  2 worker ants (D)
  2 shadow imps (D)
  An ufetubus (D)
  An adder zombie (D)
  20 ball lightnings (D)
  18 orcs (D)
  A bat zombie (D)
  A giant cockroach (D)
  2 goblins (D)
  A hobgoblin (D)
  A jackal (D)
  A ball python skeleton (D)
  A rat (D)
548 creatures vanquished.

Vanquished Creatures (collateral kills)
  Kirke (D)
1 creature vanquished.

Vanquished Creatures (others)
  A Killer Klown (D)
  A deep elf blademaster (D)
  A deep elf master archer (D)
  A draconian knight (D)
  A hydra (D)
  A large abomination (D)
  2 naga magi (D)
  2 humans (D)
  A vampire mosquito (D)
  A swamp drake (D)
  A starspawn tentacle (D)
13 creatures vanquished.

Grand Total: 562 creatures vanquished

Notes
Turn   | Place    | Note
-------+----------+-------------------------------------------
     0 | D        | emperorscorpion the Gargoyle Monk began the quest for the Orb.
     0 | D        | Reached XP level 1. HP: 14/14 MP: 1/1
    78 | D        | Noticed a jelly
    78 | D        | Noticed an ogre
    85 | D        | Reached XP level 2. HP: 15/20 MP: 2/2
    90 | D        | Reached skill level 5 in Fighting
    90 | D        | Reached skill level 5 in Maces & Flails
    90 | D        | Reached XP level 3. HP: 24/26 MP: 3/3
    97 | D        | Killed an ogre
    97 | D        | Reached XP level 4. HP: 30/32 MP: 4/4
    97 | D        | Reached XP level 5. HP: 35/37 MP: 5/5
   105 | D        | Found a roughly hewn altar of Beogh.
   105 | D        | Found a snail-covered altar of Cheibriados.
   105 | D        | Found a shadowy altar of Dithmenos.
   105 | D        | Found a white marble altar of Elyvilon.
   105 | D        | Found a blossoming altar of Fedhas.
   105 | D        | Found an opulent altar of Gozag.
   106 | D        | Found a hazy altar of Hepliaklqana.
   107 | D        | Found a viscous altar of Jiyva.
   108 | D        | Found an ancient bone altar of Kikubaaqudgha.
   109 | D        | Became a worshipper of Cheibriados the Contemplative
   109 | D        | Reached * piety under Cheibriados
   109 | D        | Reached ** piety under Cheibriados
   110 | D        | Found a corrupted altar of Lugonu.
   111 | D        | Found a burning altar of Makhleb.
   112 | D        | Found a sparkling altar of Nemelex Xobeh.
   113 | D        | Found an iron altar of Okawaru.
   114 | D        | Found a stormy altar of Qazlal.
   115 | D        | Found a sacrificial altar of Ru.
   116 | D        | Found a deep blue altar of Sif Muna.
   117 | D        | Found a bloodstained altar of Trog.
   118 | D        | Found a hide-covered altar of Uskayaw.
   119 | D        | Found a radiant altar of Vehumet.
   120 | D        | Found an ornate altar of the Wu Jian Council.
   121 | D        | Found a shimmering altar of Xom.
   122 | D        | Found a basalt altar of Yredelemnul.
   123 | D        | Found a glowing silver altar of Zin.
   124 | D        | Found a glowing golden altar of the Shining One.
   142 | D        | Found the +8 whip "Snakebite" {curare, rPois}
   176 | D        | Noticed a soldier ant
   193 | D        | Reached *** piety under Cheibriados
   193 | D        | Reached skill level 5 in Dodging
   197 | D        | Killed a soldier ant
   197 | D        | Reached XP level 6. HP: 39/44 MP: 6/6
   203 | D        | Noticed a white ugly thing
   203 | D        | Noticed a tengu warrior
   210 | D        | Killed a white ugly thing
   210 | D        | Reached skill level 10 in Maces & Flails
   210 | D        | Reached XP level 7. HP: 48/52 MP: 7/7
   217 | D        | Reached **** piety under Cheibriados
   239 | D        | Killed a tengu warrior
   239 | D        | Reached skill level 10 in Fighting
   239 | D        | Reached XP level 8. HP: 26/59 MP: 8/8
   242 | D        | Reached ***** piety under Cheibriados
   382 | D        | Noticed a hippogriff
   382 | D        | Noticed a komodo dragon
   382 | D        | Noticed a spiny frog
   386 | D        | Noticed a spiny frog
   396 | D        | Killed a hippogriff
   396 | D        | Reached XP level 9. HP: 65/65 MP: 9/9
   403 | D        | Killed a komodo dragon
   410 | D        | Killed a spiny frog
   410 | D        | Reached skill level 5 in Armour
   410 | D        | Reached skill level 1 in Shields
   420 | D        | Killed a spiny frog
   420 | D        | Reached ****** piety under Cheibriados
   420 | D        | Reached skill level 10 in Dodging
   645 | D        | Noticed a spiny frog
   652 | D        | Killed a spiny frog
   657 | D        | Reached XP level 10. HP: 75/75 MP: 10/10
   705 | D        | Reached skill level 1 in Invocations
   717 | D        | Reached skill level 5 in Shields
   786 | D        | Noticed Grum
   798 | D        | Killed Grum
   874 | D        | Noticed an orc sorcerer
   880 | D        | Reached skill level 15 in Fighting
   891 | D        | Killed an orc sorcerer
   896 | D        | Reached skill level 5 in Invocations
  1057 | D        | Noticed an orc sorcerer
  1061 | D        | Killed an orc sorcerer
  1078 | D        | Reached XP level 11. HP: 64/82 MP: 15/15
  1091 | D        | Reached skill level 10 in Armour
  1374 | D        | Found Ybull's Jewellery Emporium.
  1374 | D        | Noticed an orc sorcerer
  1374 | D        | Noticed an orc high priest
  1374 | D        | Paralysed by an orc sorcerer for 5 turns
  1376 | D        | Noticed an orc sorcerer
  1380 | D        | Killed an orc sorcerer
  1380 | D        | Killed an orc sorcerer
  1386 | D        | Noticed an orc high priest
  1391 | D        | Killed an orc high priest
  1391 | D        | Reached skill level 10 in Shields
  1396 | D        | Noticed an orc sorcerer
  1400 | D        | Killed an orc high priest
  1401 | D        | Found Tasiuc's Food Shoppe.
  1405 | D        | Killed an orc sorcerer
  1411 | D        | Found Jogoziff's Antique Armour Emporium.
  1415 | D        | Noticed an orc high priest
  1432 | D        | Killed an orc high priest
  1438 | D        | Found Turagihat's Weapon Shoppe.
  1443 | D        | Noticed an orc sorcerer
  1451 | D        | Killed an orc sorcerer
  1459 | D        | Bought 8 tomahawks of dispersal for 132 gold pieces
  1468 | D        | Bought a large shield for 135 gold pieces
  1482 | D        | Bought an uncursed amulet of regeneration for 390 gold pieces
  1482 | D        | Bought an uncursed ring of see invisible for 195 gold pieces
  1483 | D        | Bought an uncursed ring of protection from cold for 325 gold pieces
  1483 | D        | Bought an uncursed ring of protection from fire for 325 gold pieces
  1509 | D        | Noticed Eustachio
  1519 | D        | Killed Eustachio
  1550 | D        | Noticed Maurice
  1561 | D        | Killed Maurice
  1610 | D        | Found the +6 arbalest "Damnation" {damnation}
  1675 | D        | Noticed a fire dragon
  1675 | D        | Noticed a five-headed hydra
  1675 | D        | Noticed a two-headed ogre
  1687 | D        | Killed a fire dragon
  1689 | D        | Noticed a stone giant
  1693 | D        | Killed a five-headed hydra
  1696 | D        | Killed a two-headed ogre
  1696 | D        | Reached skill level 10 in Invocations
  1696 | D        | Reached XP level 12. HP: 69/90 MP: 8/19
  1698 | D        | Noticed an ogre mage
  1711 | D        | Killed a stone giant
  1718 | D        | Killed an ogre mage
  1724 | D        | Noticed a brown very ugly thing
  1730 | D        | Noticed a tengu warrior
  1736 | D        | Killed a brown very ugly thing
  1748 | D        | Killed a tengu warrior
  1835 | D        | Noticed Joseph
  1846 | D        | Killed Joseph
  2217 | D        | Bought 29 bolts for 63 gold pieces
  2457 | D        | Noticed a five-headed hydra
  2462 | D        | Noticed a seven-headed hydra
  2463 | D        | Killed a five-headed hydra
  2464 | D        | Noticed an alligator
  2473 | D        | Killed a seven-headed hydra
  2504 | D        | Killed an alligator
  2504 | D        | Reached XP level 13. HP: 95/97 MP: 23/23
  2509 | D        | Noticed a nagaraja
  2544 | D        | Reached skill level 15 in Invocations
  2547 | D        | Killed a nagaraja
  2554 | D        | Reached skill level 15 in Armour
  2668 | D        | Noticed an emperor scorpion
  2680 | D        | Noticed an entropy weaver
  2717 | D        | Killed an emperor scorpion
  2767 | D        | Killed an entropy weaver
  2903 | D        | Noticed an ice dragon
  2903 | D        | Noticed a fire giant
  2903 | D        | Noticed a stone giant
  2913 | D        | Noticed an ogre mage
  2915 | D        | Noticed a stone giant
  2921 | D        | Killed an ice dragon
  2924 | D        | Killed a fire giant
  2925 | D        | Noticed a frost giant
  2925 | D        | Killed a stone giant
  2925 | D        | Killed a stone giant
  2925 | D        | Killed an ogre mage
  2933 | D        | Noticed a rakshasa
  2938 | D        | Killed a frost giant
  2938 | D        | Gained mutation: Your large and strong wings let you fly indefinitely. [Gargoyle growth]
  2938 | D        | Reached XP level 14. HP: 55/107 MP: 3/27
  3053 | D        | Noticed a stone giant
  3055 | D        | Killed a stone giant
  3056 | D        | Noticed a vampire knight
  3056 | D        | Killed a vampire knight
  3056 | D        | Reached skill level 1 in Crossbows
  3171 | D        | Noticed a vault warden
  3179 | D        | Killed a vault warden
  3224 | D        | Noticed an ironheart preserver
  3284 | D        | Killed an ironheart preserver
  3296 | D        | Reached skill level 5 in Crossbows
  3509 | D        | Noticed Frederick
  3513 | D        | Killed Frederick
  3525 | D        | Noticed Azrael
  3530 | D        | Reached skill level 1 in Evocations
  3533 | D        | Killed Azrael
  3757 | D        | Noticed Agnes
  3762 | D        | Killed Agnes
  4762 | D        | Noticed Rupert
  4762 | D        | Paralysed by Rupert for 2 turns
  4765 | D        | Killed Rupert
  4765 | D        | Reached XP level 15. HP: 115/115 MP: 29/29
  4793 | D        | Noticed Ilsuiw
  4830 | D        | Killed Ilsuiw
  4881 | D        | Reached skill level 10 in Crossbows
  4930 | D        | Got a barnacled rune of Zot
  4976 | D        | Noticed a nagaraja
  4979 | D        | Noticed a nagaraja
  4997 | D        | Killed a nagaraja
  5016 | D        | Killed a nagaraja
  5035 | D        | Noticed a nagaraja
  5054 | D        | Killed a nagaraja
  5060 | D        | Got a serpentine rune of Zot
  5083 | D        | Noticed an emperor scorpion
  5083 | D        | Noticed an emperor scorpion
  5083 | D        | Noticed an emperor scorpion
  5086 | D        | Noticed a ghost moth
  5103 | D        | Killed an emperor scorpion
  5248 | D        | Killed an emperor scorpion
  5259 | D        | Killed an emperor scorpion
  5277 | D        | Killed a ghost moth
  5320 | D        | Got a gossamer rune of Zot
  5375 | D        | Reached XP level 16. HP: 112/128 MP: 20/31
  5425 | D        | Got a decaying rune of Zot
  5468 | D        | Noticed Louise
  5470 | D        | Killed Louise
  5733 | D        | Noticed a sphinx
  5733 | D        | Noticed a shadow dragon
  5747 | D        | Killed a sphinx
  5750 | D        | Noticed a lich
  5780 | D        | Killed a shadow dragon
  5780 | D        | Reached skill level 15 in Crossbows
  5786 | D        | Reached skill level 27 in Fighting
  5790 | D        | Killed a lich
  5951 | D        | Noticed a shadow dragon
  5955 | D        | Noticed a shadow dragon
  5969 | D        | Killed a shadow dragon
  5975 | D        | Killed a shadow dragon
  5979 | D        | Reached XP level 17. HP: 110/139 MP: 33/33
  6022 | D        | Noticed a golden dragon
  6043 | D        | Killed a golden dragon
  6043 | D        | Reached skill level 1 in Throwing
  6143 | D        | Got a heavily runed ruby amulet
  6147 | D        | Got a silver rune of Zot
  6150 | D        | Identified the amulet "Cemuwula" {+Rage Int+3} (You found it in the Dungeon)
  6159 | D        | Learned a level 5 spell: Silence
  6175 | D        | Noticed Boris
  6193 | D        | Killed Boris
  6202 | D        | Noticed Kirke
  6210 | D        | Killed Kirke
  6239 | D        | Noticed Sojobo
  6253 | D        | Noticed Saint Roka
  6257 | D        | Killed Sojobo
  6263 | D        | Killed Saint Roka
  6263 | D        | Reached skill level 5 in Spellcasting
  6263 | D        | Reached skill level 5 in Hexes
  6263 | D        | Reached skill level 5 in Air Magic
  6458 | D        | Noticed Jory
  6461 | D        | Killed Jory
  6484 | D        | Got the ring of Mirruihisu {+Blink rC++ EV+5 Dex+2}
  6508 | D        | Got the +0 cloak "Ytaby" {+Inv rElec rPois Int-5}
  6613 | D        | Noticed Nessos
  6615 | D        | Killed Nessos
  6641 | D        | Noticed Nikola
  6642 | D        | Noticed Mara
  6650 | D        | Noticed emperorscorpion's illusion
  6660 | D        | Killed Mara
  6695 | D        | Killed Nikola
  6717 | D        | Noticed a sphinx
  6726 | D        | Paralysed by a sphinx for 2 turns
  6731 | D        | Killed a sphinx
  6731 | D        | Reached skill level 15 in Dodging
  6737 | D        | Noticed a golden dragon
  6760 | D        | Reached XP level 18. HP: 95/145 MP: 21/35
  6764 | D        | Killed a golden dragon
  6764 | D        | Reached skill level 27 in Invocations
  6822 | D        | Noticed a bone dragon
  6835 | D        | Killed a bone dragon
  6871 | D        | Reached skill level 10 in Spellcasting
  6881 | D        | Reached skill level 10 in Hexes
  6970 | D        | Reached skill level 10 in Air Magic
  7087 | D        | Learned a level 6 spell: Deflect Missiles
  7087 | D        | Noticed a Killer Klown
  7092 | D        | Reached skill level 1 in Charms
  7097 | D        | Killed a Killer Klown
  7159 | D        | Noticed an orb of fire
  7184 | D        | Killed an orb of fire
  7184 | D        | Reached skill level 5 in Charms
  7184 | D        | Reached skill level 5 in Evocations
  7296 | D        | Noticed a curse toe
  7296 | D        | Noticed a tentacled monstrosity
  7309 | D        | Killed a curse toe
  7314 | D        | Killed a tentacled monstrosity
  7314 | D        | Reached XP level 19. HP: 124/151 MP: 1/36
  7492 | D        | Reached skill level 10 in Charms
  7531 | D        | Reached skill level 15 in Spellcasting
  7542 | D        | Reached skill level 27 in Armour
  7542 | D        | Reached skill level 15 in Hexes
  7590 | D        | Noticed an orb of fire
  7595 | D        | Killed an orb of fire
  7595 | D        | Reached skill level 15 in Air Magic
  7624 | D        | Noticed an ancient lich
  7631 | D        | Killed an ancient lich
  7634 | D        | Noticed an orb of fire
  7641 | D        | Gained mutation: Scrolls take you a little longer to read. [an orb of fire]
  7651 | D        | Killed an orb of fire
  7653 | D        | Noticed an electric golem
  7674 | D        | Killed an electric golem
  7707 | D        | Noticed an orb of fire
  7707 | D        | Noticed a golden dragon
  7707 | D        | Noticed an electric golem
  7711 | D        | Killed an electric golem
  7711 | D        | Reached XP level 20. HP: 97/157 MP: 5/41
  7713 | D        | Killed an orb of fire
  7717 | D        | Noticed an orb of fire
  7719 | D        | Killed a golden dragon
  7721 | D        | Killed an orb of fire
  7721 | D        | Reached skill level 10 in Evocations
  7724 | D        | Noticed an orb of fire
  7724 | D        | Gained mutation: You are weak. (Str -2) [an orb of fire]
  7794 | D        | Noticed an electric golem
  7794 | D        | Noticed an electric golem
  7809 | D        | Killed an electric golem
  7812 | D        | Gained mutation: You are very weak. (Str -4) [an orb of fire]
  7813 | D        | Killed an electric golem
  7814 | D        | Killed an orb of fire
  7824 | D        | Noticed an orb of fire
  7826 | D        | Noticed a golden dragon
  7827 | D        | Killed an orb of fire
  7830 | D        | Killed a golden dragon
  7946 | D        | Lost mutation: Scrolls take you a little longer to read. [potion of mutation]
  7946 | D        | Lost mutation: You are very weak. (Str -4) [potion of mutation]
  7946 | D        | Lost mutation: You are weak. (Str -2) [potion of mutation]
  7946 | D        | Gained mutation: You have a somewhat thin skeletal structure. (Dex +2, Stealth) [potion of mutation]
  7946 | D        | Gained mutation: Your natural rate of healing is unusually fast. [potion of mutation]
  7946 | D        | Gained mutation: You are agile. (Dex +2) [potion of mutation]
  8090 | D        | Noticed an ancient lich
  8090 | D        | Noticed an ancient lich
  8098 | D        | Killed an ancient lich
  8098 | D        | Reached XP level 21. HP: 163/163 MP: 42/47
  8114 | D        | Killed an ancient lich
  8169 | D        | Paralysed by a vampire knight for 7 turns
  8355 | D        | Got an elven rune of Zot
  8388 | D        | Learned a level 9 spell: Tornado
  8410 | D        | Paralysed by a floating eye for 4 turns
  8433 | D        | Noticed the Royal Jelly
  8446 | D        | Killed the Royal Jelly
  8605 | D        | Got a slimy rune of Zot
  8729 | D        | Reached XP level 22. HP: 88/169 MP: 51/51
  8736 | D        | Reached skill level 27 in Dodging
  8880 | D        | Reached skill level 15 in Evocations
  8941 | D        | Noticed a greater mummy
  8955 | D        | Reached skill level 15 in Maces & Flails
  8996 | D        | Killed a greater mummy
  9101 | D        | Noticed a greater mummy
  9101 | D        | Noticed a greater mummy
  9101 | D        | Noticed a greater mummy
  9114 | D        | Killed a greater mummy
  9114 | D        | Reached skill level 27 in Spellcasting
  9125 | D        | Killed a greater mummy
  9135 | D        | Noticed a greater mummy
  9152 | D        | Killed a greater mummy
  9172 | D        | Killed a greater mummy
  9286 | D        | Got a golden rune of Zot
  9351 | D        | Got an abyssal rune of Zot
  9482 | D        | Noticed Geryon
  9521 | D        | Killed Geryon
  9525 | D        | Noticed Asmodeus
  9525 | D        | Noticed Cerebov
  9540 | D        | Noticed Mnoleg
  9548 | D        | Noticed Lom Lobon
  9556 | D        | Killed Asmodeus
  9556 | D        | Reached skill level 27 in Air Magic
  9559 | D        | Noticed Antaeus
  9563 | D        | Killed Mnoleg
  9566 | D        | Killed Cerebov
  9566 | D        | Reached skill level 27 in Maces & Flails
  9567 | D        | Noticed Dispater
  9709 | D        | Killed Lom Lobon
  9709 | D        | Reached XP level 23. HP: 56/175 MP: 41/54
  9736 | D        | Noticed Gloorx Vloq
  9762 | D        | Slain by Antaeus

Vault maps used:
D:        linesprint

Skill      XL: |  1  2  3  4  5  6  7  8  9 10 11 12 13 14 15 16 17 18 19 20 21 22 |
---------------+-------------------------------------------------------------------+-----
Dodging        | 3 4 5 7 8 9 10 12 15 17 20 23 26 27 | 27.0
Fighting       | 4 5 6 7 9 10 11 14 15 16 18 19 21 24 27 | 27.0
Maces & Flails | 5 6 8 10 12 14 27 | 27.0
Stealth        | 3 |  3.2
Armour         | 2 4 7 9 12 14 16 18 20 22 24 26 27 | 27.0
Shields        | 3 8 12 14 | 14.3
Invocations    | 6 10 14 19 21 23 24 26 27 | 27.0
Crossbows      | 8 12 15 18 | 18.0
Evocations     | 1 2 5 8 12 14 16 | 16.2
Throwing       | 2 |  2.0
Spellcasting   | 8 13 17 22 25 27 | 27.0
Hexes          | 8 13 16 | 16.2
Air Magic      | 7 12 16 21 24 27 | 27.0
Charms         | 8 12 | 12.7
Staves         | 7 |  7.6
Unarmed Combat | 7 |  7.4

Action                   |  1- 3 |  4- 6 |  7- 9 | 10-12 | 13-15 | 16-18 | 19-21 | 22-24 || total
-------------------------+-------+-------+-------+-------+-------+-------+-------+-------++-------
Melee: Mace              |    36 |       |       |       |       |       |       |       ||    36
       Whip              |       |    23 |    91 |   396 |   178 |       |       |       ||   688
       Flail             |       |       |       |       |   191 |       |       |       ||   191
       Dire flail        |       |       |       |       |   302 |   657 |   546 |   302 ||  1807
 Fire: Arbalest          |       |       |       |       |    28 |    62 |    29 |    28 ||   147
Throw: Tomahawk          |       |       |       |       |       |     2 |       |       ||     2
       Throwing net      |       |       |       |       |       |     1 |       |       ||     1
 Cast: Deflect Missiles  |       |       |       |       |       |       |     2 |       ||     2
       Silence           |       |       |       |       |       |       |     1 |     3 ||     4
       Tornado           |       |       |       |       |       |       |       |     6 ||     6
Invok: Slouch            |       |       |       |     6 |    13 |    22 |    29 |    24 ||    94
       Bend Time         |       |       |       |       |       |     2 |     1 |     1 ||     4
 Abil: Fly               |       |       |       |       |     2 |       |       |       ||     2
       Stop Flying       |       |       |       |       |     1 |       |       |       ||     1
Evoke: Wand              |       |       |       |     1 |     2 |     3 |       |     1 ||     7
       Phial of floods   |       |       |       |       |       |     1 |       |     1 ||     2
       Horn of Geryon    |       |       |       |       |       |       |       |     1 ||     1
  Use: Potion            |     1 |       |     1 |     1 |       |     2 |     3 |     7 ||    15
       Scroll            |       |       |       |       |    16 |     5 |     2 |     2 ||    25
 Stab: Sleeping          |       |     1 |       |       |       |       |       |       ||     1
  Eat: Chunk             |       |       |       |     2 |     6 |     8 |     1 |     1 ||    18
       Ration            |       |       |       |       |     1 |       |     2 |     2 ||     5
Armor: Robe              |     8 |       |       |       |       |       |       |       ||     8
       Ring mail         |       |     5 |    10 |       |       |       |       |       ||    15
       Gold dragon scale |       |       |     7 |   101 |   381 |   323 |   168 |    97 ||  1077
Dodge: Dodged            |    22 |    11 |    27 |    83 |   377 |   406 |   477 |   301 ||  1704
       Deflected         |       |       |       |       |       |       |    17 |     6 ||    23
Block: Shield            |       |       |    14 |    79 |       |       |       |       ||    93
       Large shield      |       |       |       |    40 |       |       |       |       ||    40
       Buckler           |       |       |       |    42 |    87 |       |       |       ||   129
       Reflection        |       |       |       |     5 |     1 |       |       |       ||     6

Table legend:
 A = Spawn XP
 B = Non-spawn XP
 C = Spawn XP percentage of total XP
 D = Spawn monster count
 E = Non-spawn monster count
 F = Spawn count percentage of total count
 G = Total turns spent on level
                    A         B        C        D         E        F      G
               +---------+---------+-------+---------+---------+-------+---------
         Total |       0 |  717042 |   0.0 |       0 |     545 |   0.0 |  9762
               +---------+---------+-------+---------+---------+-------+---------
             D |       0 |  717042 |   0.0 |       0 |     545 |   0.0 |  9762
               +---------+---------+-------+---------+---------+-------+---------
